 Dungeon Crawl Stone Soup version 0.19.1 (webtiles) character file.

130 M4edhros the Insei (level 5, -2/36 HPs)
             Began as an Octopode Chaos Knight on Dec 25, 2016.
             Slain by Pikel
             ... wielding a +1 whip of electrocution
              (9 damage)
             ... on level 4 of the Dungeon.
             The game lasted 00:06:32 (4058 turns).

M4edhros the Insei (Octopode Chaos Knight)          Turns: 4058, Time: 00:06:33

Health: -2/36      AC:  1    Str: 11    XL:     5   Next: 14%
Magic:  5/5        EV: 13    Int: 13    God:    Xom [.*....]
Gold:   121        SH:  0    Dex: 12    Spells: 0 memorised, 4 levels left

rFire  . . .     SeeInvis .       - Unarmed
rCold  . . .     Gourm    .     (no shield)
rNeg   . . .     Faith    .     (helmet restricted)
rPois  .         Spirit   .     (no amulet)
rElec  .         Reflect  .     (no ring)
rCorr  .         Harm     .     (no ring)
MR     .....                    (no ring)
Stlth  ++........               (no ring)
                                (no ring)
                                (no ring)
                                (no ring)
                                (no ring)

@: slowed, very slow
A: almost no armour, stealthy swim, amphibious, 8 rings, constrict 8, camouflage
1, dopey 1, gelatinous body 1
a: Renounce Religion


You were on level 4 of the Dungeon.
You worshipped Xom.
You were a plaything of Xom.
You were very hungry.

You visited 1 branch of the dungeon, and saw 4 of its levels.

You collected 121 gold pieces.

Inventory:

Hand Weapons
 k - the +1 hand crossbow of Joyful Slaughter {chaos, rElec rC+}
   (Xom gifted it to you on level 4 of the Dungeon)

   Each projectile launched from it has a different, random effect.
   It protects you from cold.
   It insulates you from electricity.
Missiles
 f - 4 javelins (quivered)
Wands
 e - a wand of lightning (8/15)
Scrolls
 b - a scroll of remove curse {unknown}
 c - a scroll of identify {unknown}
 g - a scroll of blinking {unknown}
 h - a scroll of teleportation {unknown}
Potions
 d - a potion of flight
Comestibles
 a - 2 bread rations
 j - 2 meat rations


   Skills:
 - Level 3.0 Fighting
 - Level 2.3 Dodging
 + Level 5.6 Unarmed Combat


You had 4 spell levels left.
You didn't know any spells.

Dungeon Overview and Level Annotations

Branches:
Dungeon (4/15)
 Temple: D:4-7

Altars:
Xom
Zin

Annotations:
D:4 Natasha, Pikel


Innate Abilities, Weirdness & Mutations

You cannot wear most types of armour.
You are very stealthy in the water. (Stealth+)
You are amphibious.
You can wear up to eight rings at the same time.
You can use your tentacles to constrict eight enemies at once.
Your skin changes colour to match your surroundings (Stealth+).
Your rubbery body absorbs attacks. (AC +1, EV +1)
You are dopey. (Int -2)


Message History

Unknown command.
Unknown command.
Evoke which item? (* to show all) (? for menu, Esc to quit)
Zapping:
e - a wand of lightning {zapped: 3} (will waste charges)
Press: ? - help, Shift-Dir - straight line, f/p - Natasha
Aim: Natasha (lightly wounded)
You hear a mighty clap of thunder!
The bolt of lightning hits Pikel.
Pikel is lightly wounded.
The bolt of lightning hits the white imp.
You kill the white imp!
The bolt of lightning misses Natasha.
Evoking this partially-identified wand wasted a few charges.
You hear a shout!
Pikel hits you but does no damage.
You are electrocuted!
Pikel hits you with a whip of electrocution.
* * * LOW HITPOINT WARNING * * *
You are electrocuted!
You die...
Xom roars with laughter!

#########.###..................#
..........................>#####
#########.########.##.#.####
#########.#........##.#.#
......s##.#.........#.#.#
.......##.#.........#.#.#
.......##.#########.#.#.#########
........#.#########.#.#..........
........#.......@Kh...#.#########
........###########5...........
#######.###########...#.######.
#.#.............#.#* **
#.#......b........#,,,
#.#............#..# ,, , ,
#.#####.......##..#,,, #.#
#.########..# ** ' #####.### #.#
*..#*, ,


You could see Pikel, Natasha and a crimson imp.

Vanquished Creatures
  Natasha (twice) (D:4)
  A worker ant (D:4)
  3 adders
  2 leopard geckos (D:4)
  2 giant cockroaches
  A hobgoblin (D:1)
  3 jackals (D:4)
  A kobold (D:3)
  A quokka (D:3)
  6 bats (D:1)
  5 frilled lizards
  A leopard gecko skeleton (D:4)
  A quokka skeleton (D:4)
  3 rats
32 creatures vanquished.

Notes
Turn   | Place    | Note
-------+----------+-------------------------------------------
     0 | D:1      | M4edhros the Octopode Chaos Knight began the quest for the Orb.
     0 | D:1      | Reached XP level 1. HP: 16/16 MP: 1/1
   509 | D:1      | XOM: harmless Tloc miscast
   694 | D:1      | XOM: divination: detect creatures
  1442 | D:1      | XOM is BORED!
  1442 | D:1      | XOM: mild Divn miscast
  1590 | D:1      | XOM: cloud trail
  1713 | D:1      | XOM: harmless Divn miscast
  2186 | D:1      | XOM: divination: magic mapping
  2339 | D:1      | Reached XP level 2. HP: 16/21 MP: 2/2
  2553 | D:3      | Reached skill level 4 in Unarmed Combat
  2555 | D:3      | Noticed a bullfrog
  2644 | D:3      | XOM: scenery: create altars
  2663 | D:3      | XOM: cleaving
  2669 | D:3      | Reached XP level 3. HP: 12/26 MP: 3/3
  2920 | D:4      | Noticed Natasha
  2925 | D:4      | Killed Natasha
  2925 | D:4      | Reached XP level 4. HP: 16/31 MP: 4/4
  3199 | D:4      | XOM: god gift: 57 gold pieces
  3209 | D:4      | Noticed a slave
  3212 | D:4      | Noticed Pikel
  3212 | D:4      | Noticed a slave
  3215 | D:4      | XOM: confuse monster(s)
  3224 | D:4      | Noticed a slave
  3226 | D:4      | XOM: scenery: create altars
  3227 | D:4      | Noticed a slave
  3238 | D:4      | Noticed a soldier ant
  3238 | D:4      | a slave changed into a soldier ant
  3238 | D:4      | XOM: polymorph slave -> soldier ant
  3244 | D:4      | Noticed a naga
  3244 | D:4      | a soldier ant changed into a naga
  3273 | D:4      | XOM: destruction
  3284 | D:4      | XOM: potion effect (invisibility)
  3318 | D:4      | XOM: god gift: steaming hand crossbow {god gift}
  3319 | D:4      | Got a steaming hand crossbow {god gift}
  3325 | D:4      | Identified the +1 hand crossbow of Joyful Slaughter {chaos, rElec rC+} (Xom gifted it to you on level 4 of the Dungeon)
  3338 | D:4      | XOM: fog
  3410 | D:4      | Reached skill level 5 in Unarmed Combat
  3442 | D:4      | Noticed a great orb of eyes
  3442 | D:4      | Noticed a wolf spider
  3442 | D:4      | a great orb of eyes changed into a wolf spider
  3447 | D:4      | Noticed a ghost crab
  3456 | D:4      | Noticed a fire crab
  3465 | D:4      | Noticed a yaktaur
  3467 | D:4      | Noticed a dream sheep
  3467 | D:4      | a yaktaur changed into a dream sheep
  3478 | D:4      | Noticed a swamp dragon
  3484 | D:4      | Noticed a spriggan
  3486 | D:4      | XOM: fog
  3498 | D:4      | Noticed a polar bear
  3499 | D:4      | XOM: divination: detect items
  3502 | D:4      | Noticed a hornet
  3502 | D:4      | a polar bear changed into a hornet
  3511 | D:4      | Noticed a mottled dragon
  3511 | D:4      | a hornet changed into a mottled dragon
  3512 | D:4      | Noticed a two-headed ogre
  3512 | D:4      | a mottled dragon changed into a two-headed ogre
  3532 | D:4      | Noticed a hog
  3532 | D:4      | XOM: fog
  3556 | D:4      | XOM: potion effect (might)
  3565 | D:4      | XOM: potion effect (curing)
  3573 | D:4      | XOM: potion effect (curing)
  3577 | D:4      | XOM: potion effect (brilliance)
  3581 | D:4      | XOM: potion effect (invisibility)
  3585 | D:4      | XOM: confuse monster(s)
  3588 | D:4      | XOM: enchant monster (bad)
  3593 | D:4      | XOM: summons friendly crimson imp
  3606 | D:4      | Noticed Natasha
  3616 | D:4      | Killed Natasha
  3636 | D:4      | XOM: noise
  3658 | D:4      | XOM: harmless Summ miscast
  3728 | D:4      | XOM: divination: magic mapping
  3735 | D:4      | Reached XP level 5. HP: 29/36 MP: 5/5
  3800 | D:4      | Found a glowing silver altar of Zin.
  3824 | D:4      | XOM: divination: detect creatures
  3847 | D:4      | Noticed an ettin
  3847 | D:4      | Noticed a five-headed hydra
  3847 | D:4      | an ettin changed into a five-headed hydra
  3849 | D:4      | XOM: cast spell 'Summon Butterflies'
  3849 | D:4      | a five-headed hydra changed into something unseen
  3856 | D:4      | XOM: divination: detect creatures
  3861 | D:4      | Noticed a catoblepas
  3861 | D:4      | XOM: divination: detect creatures
  3863 | D:4      | XOM: summons 5 friendly demons
  3868 | D:4      | Noticed an entropy weaver
  3868 | D:4      | a catoblepas changed into an entropy weaver
  3946 | D:4      | Noticed an elephant
  3947 | D:4      | Noticed a death drake
  3947 | D:4      | an elephant changed into a death drake
  3964 | D:4      | Noticed a manticore
  3965 | D:4      | XOM: scenery: create altars
  3965 | D:4      | Noticed a mana viper
  3965 | D:4      | a manticore changed into a mana viper
  3969 | D:4      | Noticed a shining eye
  3969 | D:4      | a mana viper changed into a shining eye
  3971 | D:4      | Gained mutation: You are dopey. (Int -2) [a shining eye]
  3975 | D:4      | Noticed a mana viper
  3975 | D:4      | a shining eye changed into a mana viper
  3977 | D:4      | Noticed a merfolk
  3977 | D:4      | a mana viper changed into a merfolk
  3983 | D:4      | XOM: harmless Ice miscast
  3995 | D:4      | XOM: harmless Ice miscast
  3997 | D:4      | XOM: medium Fire miscast
  4007 | D:4      | XOM: fog
  4024 | D:4      | XOM: confusion (+ monsters)
  4050 | D:4      | Noticed Natasha
  4058 | D:4      | Slain by Pikel

Skill      XL: |  1  2  3  4 |
---------------+-------------+-----
Unarmed Combat | 4 5 |  5.6
Fighting       | |  3.0
Dodging        | |  2.3

Action                   |  1- 3 |  4- 6 || total
-------------------------+-------+-------++-------
Melee: Unarmed           |    49 |    30 ||    79
       Constrict         |    10 |     9 ||    19
       Tentacles         |     5 |     6 ||    11
       Punch             |       |     3 ||     3
Evoke: Wand              |       |     2 ||     2
  Use: Potion            |       |     3 ||     3
 Stab: Sleeping          |     4 |     1 ||     5
  Eat: Chunk             |     6 |     3 ||     9
Armor: Skin              |     5 |     1 ||     6
Dodge: Dodged            |    36 |    22 ||    58
